 Dungeon Crawl Stone Soup version 0.29.1-14-g9c671dbff4 (webtiles) character file.

Game seed: 11523368826956705213

120 Cape the Chopper (level 4, -3/61 HPs)
             Began as a Minotaur Berserker on Feb 17, 2023.
             Was a Believer of Trog.
             Slain by a phantom (7 damage)
             ... on level 4 of the Dungeon.
             The game lasted 00:04:05 (2786 turns).

Cape the Chopper (Minotaur Berserker)               Turns: 2786, Time: 00:04:05

Health: -3/61      AC:  2    Str: 23    XL:     4   Next: 75%
Magic:  3/3        EV: 12    Int:  4    God:    Trog [**....]
Gold:   195        SH:  0    Dex: 10    Spells: 3/3 levels left

rFire   . . .      SeeInvis .   c - +0 war axe
rCold   . . .      Faith    .   (no shield)
rNeg    . . .      Spirit   .   b - +0 animal skin
rPois   .          Reflect  .   (helmet restricted)
rElec   .          Harm     .   (no cloak)
rCorr   .          Rampage  .   (no gloves)
Will    .....                   (no boots)
Stlth   ..........              (no amulet)
HPRegen 0.20/turn               (no ring)
MPRegen 0.08/turn               (no ring)

@: berserking, very quick
A: horns 2, retaliatory headbutt
a: Renounce Religion, Berserk, Trog's Hand


You were on level 4 of the Dungeon.
You worshipped Trog.
Trog was pleased with you.
You visited 1 branch of the dungeon, and saw 4 of its levels.

You collected 195 gold pieces.

Inventory:

Hand Weapons
 c - a +0 war axe (weapon)
Missiles
 m - 3 silver boomerangs (quivered)
 r - 2 curare-tipped darts
Armour
 b - a +0 animal skin (worn)
Scrolls
 a - a scroll of magic mapping {unknown}
 d - 2 scrolls of teleportation {unknown}
 e - a scroll of torment {unknown}
 h - 2 scrolls of fog {unknown}
 i - a scroll of identify {unknown}
 k - 4 scrolls of enchant armour {unknown}
 q - a scroll of brand weapon {unknown}
Potions
 f - a potion of ambrosia {unknown}
 g - 2 potions of flight {unknown}
 j - a potion of experience {unknown}
 l - a potion of brilliance {unknown}
 n - 2 potions of heal wounds {unknown}
 o - a potion of attraction {unknown}
 p - 2 potions of lignification {unknown}


   Skills:
 + Level 4.3 Fighting
 * Level 4.9 Axes
 + Level 3.2 Armour
 + Level 2.9 Dodging
 + Level 1.3 Evocations


You had 3 spell levels left.
You didn't know any spells.
Your spell library was empty.

Dungeon Overview and Level Annotations

Branches:
Dungeon (4/15)
 Temple: D:4-7

Altars:


Innate Abilities, Weirdness & Mutations

You have a pair of horns on your head.
You reflexively headbutt those who attack you in melee.


Message History

You kill the hobgoblin!
Trog accepts your kill.
You barely miss Robin. You barely miss the goblin.
Robin hits you with a +0 club.
* * * LOW HITPOINT WARNING * * *
The goblin closely misses you.
You slash Robin!
Robin is almost dead.
You slash the goblin!
You kill the goblin!
Trog accepts your kill.
You hit the phantom. The phantom barely misses you.
Robin hits you with a +0 club.
* * * LOW HITPOINT WARNING * * *
You slash Robin!
You feel the power of Trog in you as your rage grows.
You kill Robin!
Trog accepts your kill.
You closely miss the phantom. The phantom misses you.
Items here: ))) [[ ††.
You barely miss the phantom. Your headbutt misses the phantom.
The phantom is lightly damaged.
The phantom hits you.
* * * LOW HITPOINT WARNING * * *
The phantom blinks!
You blink.
You see here a hobgoblin corpse.
You feel a strong urge to attack something.
The phantom hits you.
* * * LOW HITPOINT WARNING * * *
The phantom blinks!
You blink.
You feel your anger nearly subside. The phantom hits you!
* * * LOW HITPOINT WARNING * * *
You slash the phantom!
The phantom is heavily damaged.
The phantom barely misses you.
You closely miss the phantom.
The phantom is heavily damaged.
The phantom hits you!
You die...

###############
...............
................
................
................
......^..........
......W.........
###....@........
#.............
#............#
#...†))......#
#.....)......#
#....†)......#
#.....>......#
###........$...#
#..............#


You could see a phantom.

Vanquished Creatures
  Robin (D:4)
  4 adders
  2 worms (D:2)
  4 bats
  2 endoplasms
  2 giant cockroaches
  9 goblins
  11 hobgoblins
  8 jackals
  3 quokkas
  5 ball pythons
  3 frilled lizards
  4 kobolds
  4 rats
62 creatures vanquished.

Vanquished Creatures (others)
  A fungus (D:1)
1 creature vanquished.

Grand Total: 63 creatures vanquished

Notes
Turn   | Place    | Note
-------+----------+-------------------------------------------
     0 | D:1      | Cape the Minotaur Berserker began the quest for the Orb.
     0 | D:1      | Reached XP level 1. HP: 19/19 MP: 0/0
   283 | D:1      | Reached XP level 2. HP: 27/27 MP: 1/1
   715 | D:1      | You fall into a shaft and drop 1 floor!
  1119 | D:2      | Reached XP level 3. HP: 28/33 MP: 2/2
  1186 | D:2      | Reached ** piety under Trog
  1637 | D:2      | Found a faded altar of an unknown god.
  1669 | D:2      | Reached skill level 1 in Evocations
  2185 | D:3      | Reached XP level 4. HP: 40/40 MP: 3/3
  2768 | D:4      | Noticed Robin
  2768 | D:4      | Noticed a phantom
  2778 | D:4      | Killed Robin
  2784 | D:4      | HP: 3/61 [phantom (7)]
  2786 | D:4      | Slain by a phantom

Illustrated notes

Levels and vault maps discovered:
D:1:      dpeg_arrival_prison, layout_loops_ring, hangedman_glass_teeth
D:2:      layout_loops_ring, serial_aquarium, aquarium_bridge_square
          [aquarium_subvault_wall, aquarium_subvault_bridge,
          aquarium_subvault_bridge, aquarium_subvault_wall],
          aquarium_bridge_square [aquarium_subvault_bridge,
          aquarium_subvault_wall, aquarium_subvault_window,
          aquarium_subvault_wall], aquarium_window_fake, aquarium_window_1,
          aquarium_view_2e, aquarium_pool_side,
          shapermc_ecumenical_altar_notcrosses
D:3:      layout_basic, minmay_fractal_squares_gapless_5
D:4:      layout_basic, nicolae_hepliaklqana_hippocampus,
          minmay_temple_entry_statues_fountains, serial_shops,
          nicolae_diamond_shop, palyth_stone_intersect, minmay_shop_mayhem,
          uniq_robin

Skill      XL: |  1  2  3 |
---------------+----------+-----
Axes           | 4 |  4.9
Fighting       | 4 |  4.3
Armour         | 3 |  3.2
Evocations     | 1 |  1.3
Dodging        | |  2.9

Action                   |  1- 3 |  4- 6 || total
-------------------------+-------+-------++-------
Melee: War axe           |    92 |    20 ||   112
       Hand axe          |     6 |       ||     6
       Headbutt          |    14 |     1 ||    15
Invok: Berserk           |       |     1 ||     1
 Stab: Sleeping          |       |     1 ||     1
Armor: Animal skin       |    21 |     5 ||    26
Dodge: Dodged            |    76 |    23 ||    99
